 Dungeon Crawl Stone Soup version 0.24-a0-307-gf989941 (webtiles) character file.

Game seed: 11002937993798001387

139 Iscandelvey the Bolt Thrower (level 5, 38/38 HPs)
             Began as a Demonspawn Arcane Marksman on May 12, 2019.
             Quit the game on level 3 of the Dungeon.
             The game lasted 00:01:24 (2079 turns).

Iscandelvey the Bolt Thrower (DsAM)                 Turns: 2079, Time: 00:01:25

Health: 38/38      AC:  4    Str: 10    XL:     5   Next: 1%
Magic:  6/6        EV: 12    Int: 16    God:
Gold:   153        SH:  0    Dex: 13    Spells: 5/6 levels left

rFire    . . .     SeeInvis .   a - +0 hand crossbow
rCold    . . .     Gourm    .   (no shield)
rNeg     . . .     Faith    .   e - +0 robe
rPois    .         Spirit   +   (no helmet)
rElec    .         Reflect  .   (no cloak)
rCorr    .         Harm     .   (no gloves)
MR       .....                  (no boots)
Stlth    +.........             (no amulet)
HPRegen  0.12/turn              (no ring)
MPRegen  0.20/turn              (no ring)

@: no status effects
A: icy blue scales 1, magic shield, magic regeneration
a: no special abilities


You were on level 3 of the Dungeon.
You were hungry.

You visited 1 branch of the dungeon, and saw 3 of its levels.

You collected 153 gold pieces.

Inventory:

Hand Weapons
 a - a +0 hand crossbow (weapon)
Missiles
 d - 19 bolts (quivered)
Armour
 e - a +0 robe (worn)
Jewellery
 p - an uncursed ring of positive energy
Wands
 t - a wand of random effects (19)
Scrolls
 b - 2 scrolls of teleportation {unknown}
 j - a scroll of immolation {unknown}
 n - 2 scrolls of identify {unknown}
 q - a scroll of fog {unknown}
 r - a scroll of blinking {unknown}
 s - a scroll of amnesia {unknown}
Potions
 c - a potion of might {unknown}
 g - 2 potions of brilliance {unknown}
 h - a potion of mutation {unknown}
 i - 2 potions of heal wounds {unknown}
 k - 2 potions of lignification {unknown}
 l - a potion of magic {unknown}
 m - 3 potions of curing {unknown}
 o - a potion of agility {unknown}
Comestibles
 f - 6 rations


   Skills:
 + Level 2.1 Fighting
 + Level 4.0 Crossbows
 + Level 2.0 Dodging
 + Level 0.2 Stealth
 + Level 1.0 Spellcasting
 + Level 3.3 Hexes


You had 5 spell levels left.
You knew the following spells:

 Your Spells              Type           Power        Failure   Level  Hunger
a - Corona                Hex            ##.....      6%          1    ##.....

Your spell library contained the following spells:

 Spells                   Type           Power        Failure   Level  Hunger
 Slow                     Hex            ##......     9%          2    ###....
 Inner Flame              Hex/Fire       #.......     34%         3    ####...
 Portal Projectile        Hex/Tloc       #.....       34%         3    ####...
 Cause Fear               Hex            ##........   52%         4    #####..
 Leda's Liquefaction      Hex/Erth       #.........   75%         4    #####..


Dungeon Overview and Level Annotations

Branches:
Dungeon (3/15)

Altars:
Gozag


Innate Abilities, Weirdness & Mutations

You are partially covered in icy blue scales. (AC +2)
When hurt, damage is shared between your health and your magic reserves.
You regenerate magic rapidly.


Message History

d - 19 bolts (gained 1)
There is a stone staircase leading down here.
There is an escape hatch in the ceiling here.
You are feeling hungry.
No target in view!
Done exploring.
No target in view!
Done exploring.
No target in view!
Done exploring.
No target in view!
Done exploring.
No target in view!
Done exploring.
No target in view!
Done exploring.
(D) Dungeon
Where to? (Enter - D:3, ? - help)
Okay, then.
Are you sure you want to abandon this character and quit the game? (Confirm with "yes".)

#####...#######.##
#................#
####.##..#####.#.....
#.....>......#.##...#
#######..#.##..###<#.###.##
#.......###.#..# #.#.# ###
#.##.###.#.##..###.#.# ###
#.##.#...........#.#.####..
#.##...###@###.#...>......#
#.###..# #...........####..
#.# #..# #########.........
##.###..# #...............#
#.<.##..####.########.######
#.#..#.......# #.#
#....#..###### #)# ####.#..#
#)# #<#..# #)#


There were no monsters in sight!

Vanquished Creatures
  5 gnolls
  An adder (D:3)
  A worm (D:2)
  2 dart slugs (D:1)
  3 leopard geckos (D:3)
  5 orcs (D:3)
  A ball python (D:3)
  2 giant cockroaches
  8 goblins
  8 hobgoblins
  12 kobolds
  5 bats
  6 frilled lizards
  7 rats
66 creatures vanquished.

Notes
Turn   | Place    | Note
-------+----------+-------------------------------------------
     0 | D:1      | Iscandelvey the Demonspawn Arcane Marksman began the quest
                  | for the Orb.
     0 | D:1      | Reached XP level 1. HP: 15/15 MP: 2/2
    84 | D:1      | Reached skill level 2 in Crossbows
   142 | D:1      | Gained mutation: When hurt, damage is shared between your
                  | health and your magic reserves. [demonic ancestry]
   142 | D:1      | Reached XP level 2. HP: 21/21 MP: 3/3
   549 | D:1      | Gained mutation: You are partially covered in icy blue
                  | scales. (AC +2) [demonic ancestry]
   549 | D:1      | Reached XP level 3. HP: 26/26 MP: 4/4
  1183 | D:2      | Reached skill level 3 in Crossbows
  1552 | D:3      | Reached XP level 4. HP: 30/33 MP: 5/5
  1556 | D:3      | Found an opulent altar of Gozag.
  2024 | D:3      | Reached skill level 4 in Crossbows
  2024 | D:3      | Gained mutation: You regenerate magic rapidly. [demonic
                  | ancestry]
  2024 | D:3      | Reached XP level 5. HP: 38/38 MP: 6/6
  2079 | D:3      | Quit the game

Levels and vault maps discovered:
D:1:      evilmike_arrival_rings, layout_loops_corners
D:2:      layout_rooms
D:3:      layout_loops_ring, first_ration,
          nicolae_gozag_cash_rules_everything_around_me

Skill      XL: |  1  2  3  4 |
---------------+-------------+-----
Crossbows      | 2 3 4 |  4.0
Fighting       | 2 |  2.1
Dodging        | 2 |  2.0
Stealth        | |  0.2
Spellcasting   | |  1.0
Hexes          | |  3.3

Action                   |  1- 3 |  4- 6 || total
-------------------------+-------+-------++-------
 Fire: Hand crossbow     |   124 |    48 ||   172
  Eat: Chunk             |     1 |     2 ||     3
Armor: Robe              |     7 |     4 ||    11
Dodge: Dodged            |    35 |     9 ||    44

Table legend:
 A = Non-vault XP
 B = Vault XP
 C = Vault XP percentage of total XP
 D = Non-vault monster count
 E = Vault monster count
 F = Vault count percentage of total count
                 A         B        C        D         E       F
            +---------+---------+-------+---------+---------+-------
      Total |     199 |       0 |   0.0 |      66 |       0 |   0.0
            +---------+---------+-------+---------+---------+-------
        D:1 |      50 |       0 |   0.0 |      22 |       0 |   0.0
        D:2 |      21 |       0 |   0.0 |      11 |       0 |   0.0
        D:3 |     128 |       0 |   0.0 |      33 |       0 |   0.0
            +---------+---------+-------+---------+---------+-------
